 Dungeon Crawl Stone Soup version 0.31-a0-210-gccc998df9b (webtiles) character file.

Game seed: 8164477169356357034

12478 Conn the Thaumaturge (level 11, -15/87 HPs)
             Began as an Octopode Fire Elementalist on June 29, 2023.
             Was a Priest of Sif Muna.
             Demolished by a large slime creature (26 damage)
             ... on level 12 of the Dungeon.
             The game lasted 00:33:02 (10270 turns).

Conn the Thaumaturge (Octopode Fire Elementalist)  Turns: 10270, Time: 00:33:02

Health: -15/87     AC: 34    Str:  8    XL:     11   Next: 94%
Magic:  32/43      EV:  2    Int: 30    God:    Sif Muna [***...]
Gold:   328        SH:  0    Dex: 17    Spells: 9/30 levels left

rFire   . . .        b - staff of conjuration
rCold   . . .        (no shield)
rNeg    . . .        x - melded +2 hat {Will+}
rPois   +            g - amulet "Murutim" {RegenMP rPois Int+2}
rElec   .            m - +5 ring of evasion
rCorr   +            q - ring of magical power
SInv    .            r - ring of magical power
Will    .....        k - ring "Luoryech" {rCorr Int+6 Dex+5 Stlth-}
Stlth   +++          y - ring of wizardry
HPRegen 0.34/turn    (no ring)
MPRegen 0.68/turn    (no ring)
                     (no ring)

%: wizardry (x1)
@: ice-armoured, tree-form, attractive
A: stationary, stasis, torment immunity, boosted hp, almost no armour,
(amphibious), 8 rings, (camouflage 1), (gelatinous body 1), (nimble swimmer 1),
(tentacles), (antennae 1), frail 1, mutation resistance 1
a: Renounce Religion, Channel Magic, Forget Spell


You were on level 12 of the Dungeon.
You worshipped Sif Muna.
Sif Muna was most pleased with you.
You were a tree.
You visited 2 branches of the dungeon, and saw 13 of its levels.

You collected 1491 gold pieces.
You spent 1163 gold pieces at shops.

Inventory:

Hand Weapons
 a - a +1 dagger of protection
 w - a +1 falchion of protection
Missiles
 l - 2 throwing nets
Armour
 x - a +2 hat of willpower (melded)
Magical Staves
 b - a staff of conjuration (weapon)
 E - a staff of poison
Jewellery
 g - the amulet "Murutim" (around neck) {RegenMP rPois Int+2}
   (You acquired it on level 5 of the Dungeon)

   [amulet of magic regeneration]

   It increases your rate of magic regeneration.
   Int:       It affects your intelligence (+2).
   rPois:     It protects you from poison.
 k - the ring "Luoryech" (on tentacle) {rCorr Int+6 Dex+5 Stlth-}
   (You bought it in a shop on level 5 of the Dungeon)

   [ring of intelligence]

   Int:       It affects your intelligence (+6).
   Dex:       It affects your dexterity (+5).
   rCorr:     It protects you from acid and corrosion.
   Stlth:     It makes you less stealthy.
 m - a +5 ring of evasion (left branch)
 n - an amulet of faith
 q - a ring of magical power (right branch)
 r - a ring of magical power (on tentacle)
 y - a ring of wizardry (on tentacle)
 C - an amulet of reflection
Wands
 v - a wand of iceblast (14)
 D - a wand of light (3)
 F - a wand of charming (3)
Scrolls
 e - 2 scrolls of poison
 h - 6 scrolls of teleportation
 i - 3 scrolls of amnesia
 j - 2 scrolls of fog
 s - 2 scrolls of torment
 t - a scroll of revelation
 z - 2 scrolls of brand weapon
 B - 5 scrolls of identify
 G - a scroll of fear
 H - a scroll of noise {unknown}
Potions
 c - a potion of curing
 f - a potion of attraction
 p - 2 potions of magic
 u - a potion of enlightenment
 A - a potion of mutation
Miscellaneous
 d - a box of beasts


   Skills:
 + Level 2.5 Fighting
 + Level 2.6 Short Blades
 + Level 3.6 Dodging
 + Level 6.7 Stealth
 + Level 10.0 Spellcasting
 + Level 6.5 Conjurations
 + Level 1.7 Hexes
 + Level 9.1 Fire Magic
 * Level 5.2 Ice Magic
 - Level 3.0 Poison Magic
 * Level 6.7 Invocations


You had 9 spell levels left.
You knew the following spells:

 Your Spells              Type           Power      Damage    Failure   Level
a - Foxfire               Conj/Fire      100%       2x1d9     1%          1
b - Scorch                Fire           100%       2d9       1%          2
c - Inner Flame           Hex/Fire       48%        N/A       1%          3
d - Flame Wave            Conj/Fire      75%        2d17      1%          4
e - Ozocubu's Armour      Ice            46%        N/A       1%          3
f - Sticky Flame          Conj/Fire      75%        2d9       1%          4
g - Olgreb's Toxic Radia  Pois           33%        N/A       4%          4

Your spell library contained the following spells:

 Spells                   Type           Power      Damage    Failure   Level
 Apportation              Tloc           30%        N/A       1%          1
 Beastly Appendage        Tmut           30%        N/A       1%          1
 Necrotise                Necr           60%        1d7       1%          1
 Sting                    Tmut/Pois      96%        1d7       1%          1
 Poisonous Vapours        Pois/Air       48%        N/A       1%          2
 Ignite Poison            Fire/Tmut/Pois 39%        N/A       1%          3
 Volatile Blastmotes      Fire/Tloc      84%        2d17      1%          3
 Wereblood                Tmut           15%        N/A       2%          2
 Spider Form              Tmut/Pois      24%        N/A       2%          3
 Portal Projectile        Hex/Tloc       40%        N/A       3%          3
 Call Canine Familiar     Summ           15%        N/A       4%          3
 Vampiric Draining        Necr           15%        2d7       4%          3
 Vhi's Electric Charge    Tloc/Air       30%        N/A       4%          3
 Leda's Liquefaction      Hex/Erth       10%        N/A       10%         4
 Arcjolt                  Conj/Air       25%        1d35      11%         5
 Petrify                  Tmut/Erth      15%        N/A       14%         4
 Alistair's Intoxication  Tmut/Pois      16%        N/A       21%         5
 Plasma Beam              Fire/Air       21%        2x1d33    32%         6
 Agony                    Necr           15%        N/A       34%         5
 Ozocubu's Refrigeration  Ice            23%        4d12      77%         7
 Ignition                 Fire           31%        3d10      88%         8


Dungeon Overview and Level Annotations

Branches:
Dungeon (12/15)            Temple (1/1) D:4            Lair (0/5) D:10
    Orc (0/2) D:9

Altars:
Ashenzari
Cheibriados
Dithmenos
Elyvilon
Fedhas
Gozag
Hepliaklqana
Kikubaaqudgha
Makhleb
Nemelex Xobeh
Okawaru
Qazlal
Ru
Sif Muna
Trog
Uskayaw
Vehumet
Wu Jian
Xom
Yredelemnul
Zin
The Shining One

Shops:
D:2 *   D:5 (=[?*

Annotations:
D:8 1 transporter
Temple 2 transporters


Innate Abilities, Weirdness & Mutations

You are a tree.
Your roots penetrate the ground, keeping you stationary.
You cannot be teleported.
You are immune to unholy pain and torment.
Your maximum health is greatly increased.
You cannot wear most types of armour.
((You are amphibious.))
You can wear up to eight rings at the same time.
((Your skin changes colour to match your surroundings (Stealth+).))
((Your rubbery body absorbs attacks. (AC +1, EV +1)))
((You are camouflaged when in or above water. (Stealth+)))
((You have tentacles for arms and can constrict up to eight enemies at once.))
((You have a pair of small antennae on your head.))
You are frail. (-10% HP)
You are somewhat resistant to further mutation.


Message History

Confirm with . or Enter, or press ? or * to list all spells.
A film of ice covers your body!
The slime creature hits you but does no damage.
A large slime creature splits.
Two slime creatures merge to form a large slime creature.
Casting: Ozocubu's Armour (safe; 1% risk of failure)
Confirm with . or Enter, or press ? or * to list all spells.
Casting: Flame Wave (mildly dangerous; 1% risk of failure)
Press: ? - help, Dir - look around, f - activate You feel a surge of power!
A wave of flame ripples out!
The flame wave engulfs the slime creature!
The slime creature is moderately wounded.
The flame wave engulfs the large slime creature!
The large slime creature is moderately wounded.
The flame wave engulfs the slime creature!
The slime creature is lightly wounded. (Press . to intensify the flame waves.)
The slime creature hits you but does no damage. x2
Okay, then.
A wave of flame ripples out!
The flame wave engulfs the slime creature!
The slime creature is heavily wounded.
The flame wave engulfs the large slime creature!
The large slime creature is moderately wounded.
The flame wave engulfs the slime creature!!
The slime creature is heavily wounded.
The slime creature hits you.
* * * LOW HITPOINT WARNING * * *
The slime creature hits you but does no damage.
A wave of flame ripples out!
The flame wave engulfs the slime creature!!
The slime creature is almost dead.
The flame wave engulfs the large slime creature!
The large slime creature is heavily wounded.
The flame wave engulfs the slime creature!!
The slime creature is almost dead.
You finish channelling waves of flame.
The slime creature hits you but does no damage.
The large slime creature hits you!!
You die...

..# ...## #..#....#
...#...# ......## ##
......#... #......>..
#.)....# #♣J# ## ##JJ#
#.## ####...# #..##
###....#..#
....######...######..#
.....##...#### #....
........### ....
.....#### ..# ....##
.#


You could see a large slime creature and 2 slime creatures.

Vanquished Creatures
  3 two-headed ogres
  Pikel (D:5)
  2 cyclopes (D:11)
  A manticore (D:11)
  Psyche (D:8)
  3 trolls
  A hornet (D:8)
  Prince Ribbit (D:8)
  A shadow (D:11)
  2 slime creatures (D:12)
  Sigmund (D:5)
  13 yaks
  A wyvern (D:8)
  2 vampires
  A wraith (D:10)
  Eustachio (D:5)
  A steam dragon (D:8)
  Edmund (D:5)
  7 vampire mosquitoes (D:11)
  An acid dragon (D:10)
  A water moccasin (D:9)
  3 orc warriors
  A sky beast (D:6)
  A black bear (D:8)
  2 ogres
  4 centaurs
  3 lemures (D:5)
  A kobold brigand (D:7)
  3 bullfrogs
  2 gnoll sergeants (D:11)
  3 scorpions
  7 wights (D:8)
  4 killer bees (D:8)
  3 howler monkeys (D:8)
  An electric eel (D:9)
  4 hounds
  A gnoll bouda (D:8)
  9 orc priests
  2 jellies
  4 sleepcaps
  Ijyb (D:5)
  5 iguanas
  5 orc wizards
  Robin (D:2)
  17 gnolls
  10 adders
  3 shadow imps
  A white imp (D:5)
  An ufetubus (D:6)
  A worm (D:3)
  A dart slug (D:2)
  20 orcs
  4 ball pythons
  5 bats
  2 bat zombies (D:3)
  5 endoplasms
  4 giant cockroaches
  9 goblins
  8 hobgoblins
  3 jackals (D:5)
  14 kobolds
  4 quokkas
  4 rats
  A rat zombie (D:3)
233 creatures vanquished.

Vanquished Creatures (others)
  413 foxfires
413 creatures vanquished.

Grand Total: 646 creatures vanquished

Notes
Turn   | Place    | Note
-------+----------+-------------------------------------------
     0 | D:1      | Conn the Octopode Fire Elementalist began the quest for the
                  | Orb.
     0 | D:1      | Reached XP level 1. HP: 11/11 MP: 3/3
   193 | D:1      | Reached XP level 2. HP: 17/17 MP: 5/5
   906 | D:2      | Reached XP level 3. HP: 21/21 MP: 2/6
   909 | D:2      | Learned a level 2 spell: Scorch
   913 | D:2      | Learned a level 3 spell: Inner Flame
  1034 | D:2      | Found a snail-covered altar of Cheibriados.
  1271 | D:2      | Noticed Robin
  1303 | D:2      | Reached XP level 4. HP: 27/27 MP: 1/7
  1365 | D:2      | Found Lapelinn's Assorted Antiques.
  1414 | D:2      | Killed Robin
  1864 | D:3      | Found an ancient bone altar of Kikubaaqudgha.
  2394 | D:3      | Reached XP level 5. HP: 31/31 MP: 9/9
  2449 | D:3      | Reached skill level 3 in Spellcasting
  2703 | D:4      | Found a staircase to the Ecumenical Temple.
  2709 | Temple   | Entered the Ecumenical Temple
  2709 | Temple   | Found a transporter.
  2709 | Temple   | Found a transporter.
  2711 | Temple   | Found a transporter.
  2711 | Temple   | Found a transporter.
  2737 | Temple   | Became a worshipper of Sif Muna the Loreminder
  2834 | D:4      | Reached skill level 1 in Short Blades
  2834 | D:4      | Reached XP level 6. HP: 37/37 MP: 11/11
  3086 | D:4      | Found a radiant altar of Vehumet.
  3090 | D:4      | Found a broken altar of Ashenzari.
  3094 | D:4      | Found an iron altar of Okawaru.
  3095 | D:4      | Found an ornate altar of the Wu Jian Council.
  3095 | D:4      | Found a basalt altar of Yredelemnul.
  3097 | D:4      | Found a snail-covered altar of Cheibriados.
  3098 | D:4      | Found a glowing silver altar of Zin.
  3100 | D:4      | Found a burning altar of Makhleb.
  3149 | D:4      | Learned a level 4 spell: Flame Wave
  3579 | D:5      | Entered Level 5 of the Dungeon
  3587 | D:5      | Found Oreod's Weapon Boutique.
  3628 | D:5      | Noticed Eustachio
  3635 | D:5      | Killed Eustachio
  3636 | D:5      | Reached skill level 4 in Spellcasting
  3636 | D:5      | Reached XP level 7. HP: 36/42 MP: 13/13
  3727 | D:5      | Found Latat Qag's Magic Scroll Shop.
  3730 | D:5      | Found Xiyfau's Jewellery Shop.
  3731 | D:5      | Found Jumoid's Armour Shop.
  3732 | D:5      | Found Bonelupi's General Store.
  3757 | D:5      | Noticed Sigmund
  3762 | D:5      | Killed Sigmund
  3895 | D:5      | Reached skill level 5 in Stealth
  3895 | D:5      | Reached skill level 5 in Spellcasting
  3941 | D:5      | Reached skill level 5 in Fire Magic
  3941 | D:5      | Reached XP level 8. HP: 47/47 MP: 15/15
  3948 | D:5      | Noticed Pikel
  3962 | D:5      | Killed Pikel
  3963 | D:5      | Reached skill level 1 in Fighting
  3963 | D:5      | Reached skill level 6 in Spellcasting
  3968 | D:5      | Reached * piety under Sif Muna
  4169 | D:5      | Noticed Edmund
  4315 | D:5      | Reached skill level 1 in Invocations
  4335 | D:5      | Noticed Ijyb
  4341 | D:5      | Killed Ijyb
  4343 | D:5      | You fall into a shaft and drop 3 floors!
  4359 | D:8      | Reached XP level 9. HP: 36/53 MP: 18/18
  4430 | D:8      | Noticed Psyche
  4583 | D:7      | Found a glowing golden altar of the Shining One.
  4647 | D:7      | Found a transporter.
  4879 | D:5      | Found a blossoming altar of Fedhas.
  4904 | D:5      | Reached ** piety under Sif Muna
  4921 | D:5      | Killed Edmund
  5201 | D:5      | Bought a +1 hat of willpower for 160 gold pieces
  5210 | D:5      | Identified 2 scrolls of acquirement
  5210 | D:5      | Acquired 949 gold pieces
  5212 | D:5      | Acquired the amulet "Murutim" {RegenMP rPois Int+2}
  5232 | D:5      | Bought the ring "Luoryech" {rCorr Int+6 Dex+5 Stlth-} for
                  | 634 gold pieces
  5232 | D:5      | Bought a ring of wizardry for 330 gold pieces
  5239 | D:5      | Learned a level 3 spell: Ozocubu's Armour
  5244 | D:5      | Learned a level 4 spell: Sticky Flame
  5249 | D:5      | Learned a level 4 spell: Olgreb's Toxic Radiance
  5254 | D:5      | Bought a scroll of teleportation for 39 gold pieces
  5629 | D:6      | Reached skill level 7 in Spellcasting
  6109 | D:7      | Reached skill level 1 in Poison Magic
  6190 | D:7      | Found a transporter.
  6688 | D:7      | Gained mutation: You are frail. (-10% HP) [potion of
                  | mutation]
  6688 | D:7      | Gained mutation: You are somewhat resistant to further
                  | mutation. [potion of mutation]
  6688 | D:7      | Gained mutation: You have a pair of small antennae on your
                  | head. [potion of mutation]
  6703 | D:7      | Reached skill level 1 in Ice Magic
  6738 | D:7      | Reached skill level 5 in Conjurations
  6750 | D:7      | Got the Incunable of Transfiguration
  6790 | D:8      | Noticed Prince Ribbit
  6802 | D:8      | Found a transporter.
  6957 | D:8      | Found a transporter.
  6964 | D:8      | Found a transporter.
  6966 | D:8      | Noticed a hornet
  6970 | D:8      | Killed a hornet
  6971 | D:8      | Reached XP level 10. HP: 52/52 MP: 21/21
  7000 | D:8      | Found a transporter.
  7073 | D:8      | Killed Prince Ribbit
  7168 | D:8      | Killed Psyche
  7169 | D:8      | Reached skill level 1 in Hexes
  7510 | D:8      | Reached skill level 8 in Spellcasting
  7754 | D:9      | Noticed a two-headed ogre
  7843 | D:9      | Noticed a two-headed ogre
  7865 | D:9      | Found a staircase to the Orcish Mines.
  7916 | D:9      | Killed a two-headed ogre
  7917 | D:9      | Reached skill level 5 in Invocations
  8216 | D:9      | Reached skill level 9 in Spellcasting
  8216 | D:9      | Reached XP level 11. HP: 47/58 MP: 24/24
  8217 | D:9      | Reached *** piety under Sif Muna
  8440 | D:10     | Entered Level 10 of the Dungeon
  8748 | D:10     | Noticed a two-headed ogre
  8767 | D:10     | Killed a two-headed ogre
  8937 | D:10     | Found a staircase to the Lair.
  9186 | D:11     | Noticed a manticore
  9197 | D:11     | Killed a manticore
  9329 | D:11     | Noticed a cyclops
  9337 | D:11     | Killed a cyclops
  9342 | D:11     | Noticed a two-headed ogre
  9346 | D:11     | Killed a two-headed ogre
  9563 | D:11     | Reached skill level 5 in Ice Magic
  9773 | D:11     | Noticed a cyclops
  9842 | D:11     | Killed a cyclops
  9843 | D:11     | Reached skill level 10 in Spellcasting
 10270 | D:12     | Demolished by a large slime creature

Illustrated notes

Levels and vault maps discovered:
D:1:      enne_arrival_octagon_isle, layout_loops_ring,
          nicolae_figureground_pulse
D:2:      layout_basic, serial_shops, shop, basic_altar, uniq_robin
D:3:      layout_loops_cross, lemuel_zombie_altar_kikubaaqudgha,
          nrook_mini_vaults, grunt_ministairs_3, supply_closet_lemuel
D:4:      layout_basic, minitemple, minmay_temple_entry_drinking_statues
D:5:      layout_loops_ring, mainiacjoe_overflow_24_doors, serial_shops,
          nicolae_shop_temple_entry_statues_fountains, minmay_shop_grid_forest,
          uniq_ijyb, uniq_eustachio, uniq_edmund, uniq_pikel, uniq_sigmund
D:6:      layout_basic
D:7:      gammafunk_beogh_shrine, layout_basic, tso_oasis_becter
D:8:      layout_rooms, nicolae_transporter_intersection, uniq_prince_ribbit1,
          uniq_psyche
D:9:      layout_basic, orc_0_dummy, nrook_pool_corridor,
          kennysheep_generic_room_11
D:10:     layout_roguey, lair_entry_dummy
D:11:     layout_cave_pods, serial_column_ruins, column_ruins_hut_ruined,
          column_ruins_hut_ruined, column_ruins_open_large, column_ruins_grid_2,
          column_ruins_grid_4, column_ruins_grid_3
D:12:     layout_cave_pods, serial_shops, shop
Temple:   hellmonk_temple_divided_pantheon

Skill      XL: |  1  2  3  4  5  6  7  8  9 10 11 |
---------------+----------------------------------+-----
Stealth        | 3 4 5 6 |  6.7
Conjurations   | 2 3 4 5 6 |  6.5
Spellcasting   | 3 4 5 6 7 9 10 | 10.0
Short Blades   | 1 2 |  2.6
Fire Magic     | 4 5 6 7 9 |  9.1
Fighting       | 1 2 |  2.5
Dodging        | 3 |  3.6
Invocations    | 1 3 5 6 |  6.7
Poison Magic   | 2 3 |  3.0
Ice Magic      | 2 3 5 |  5.2
Hexes          | 1 |  1.7

Action                     |  1- 3 |  4- 6 |  7- 9 | 10-12 || total
---------------------------+-------+-------+-------+-------++-------
  Melee: Dagger            |    39 |    51 |    69 |    19 ||   178
         Constrict         |     8 |    12 |    16 |     5 ||    41
         Tentacles         |     5 |    10 |    18 |     7 ||    40
         Punch             |       |       |     3 |       ||     3
         Staff             |       |       |       |     3 ||     3
   Cast: Foxfire           |    28 |    44 |    65 |    95 ||   232
         Scorch            |       |    17 |    24 |    37 ||    78
         Inner Flame       |       |       |     6 |    13 ||    19
         Flame Wave        |       |       |    17 |    25 ||    42
         Olgreb's Toxic Ra |       |       |     2 |     1 ||     3
         Ozocubu's Armour  |       |       |     1 |     9 ||    10
         Sticky Flame      |       |       |       |     1 ||     1
  Evoke: Wand              |       |       |     1 |       ||     1
    Use: Potion            |       |       |     9 |     2 ||    11
         Scroll            |       |       |    10 |     4 ||    14
   Stab: Sleeping          |    10 |     8 |     6 |     5 ||    29
 Armour: Skin              |     2 |     4 |    14 |    17 ||    37
  Dodge: Dodged            |    19 |    53 |    96 |    71 ||   239

Table legend: (Time is in decaauts)
 A = Elapsed time spent in this place.
 B = Non-inter-level travel time spent in this place.
 C = Inter-level travel time spent in this place.
 D = Time resting spent in this place.
 E = Time spent auto-exploring this place.
 F = Levels seen in this place.
 G = Mean time per level.
                   A        B        C        D        E       F      G
               +--------+--------+--------+--------+--------+-----+--------+
         Total |  10254 |   9981 |    273 |    125 |   7243 |  13 |  788.8 |
       Dungeon |  10207 |   9934 |    273 |    125 |   7243 |  12 |  850.6 |
        Temple |     46 |     46 |      0 |      0 |      0 |   1 |   46.0 |
               +--------+--------+--------+--------+--------+-----+--------+

Top non-repeatable levels by time:
     D:5: 1162 daAuts
    D:11: 1150 daAuts
     D:8: 1024 daAuts
     D:7: 1015 daAuts
     D:3: 939 daAuts
     D:6: 912 daAuts
     D:1: 898 daAuts
     D:4: 885 daAuts
     D:2: 804 daAuts
     D:9: 737 daAuts
    D:10: 633 daAuts
  Temple: 46 daAuts
    D:12: 44 daAuts
